 Dungeon Crawl Stone Soup version 0.23.0 (webtiles) character file.

Game seed: 9552836698479038294

94542 Borgoz the Covert (level 16, -1/141 HPs)
             Began as a Ghoul Monk on Feb 10, 2019.
             Was a High Priest of Okawaru.
             Slain by a two-headed ogre
             ... wielding a +0 giant spiked club
              (2 damage)
             ... on level 2 of the Orcish Mines.
             The game lasted 01:32:55 (24306 turns).

Borgoz the Covert (Ghoul Monk)                     Turns: 24306, Time: 01:32:56

Health: -1/141     AC: 11    Str: 17    XL:     16   Next: 11%
Magic:  0/21       EV: 19    Int:  5    God:    Okawaru [*****.]
Gold:   1916       SH:  0    Dex: 20    Spells: 20/23 levels left

rFire    + + .     SeeInvis .     - Unarmed
rCold    + + .     Gourm    .   (no shield)
rNeg     + + +     Faith    .   N - +3 ring mail of the Invisible Stories {rCorr}
rPois    ∞         Spirit   +   (no helmet)
rElec    .         Reflect  .   v - scarf {rC+ rF+}
rCorr    +         Harm     .   (no gloves)
MR       +....                  P - +0 pair of boots
Stlth    +++++.....             I - amulet of guardian spirit
HPRegen  0.00/turn              a - +4 ring of dexterity
MPRegen  0.17/turn              V - ring of protection from fire

@: rotting, slowed, very slow
A: rotting body, claws 1, carnivore, cold resistance 1, negative energy
resistance 3, inhibited regeneration, torment resistance, unbreathing
a: Heroism, Finesse, Renounce Religion


You were on level 2 of the Orcish Mines.
You worshipped Okawaru.
Okawaru was extremely pleased with you.
You were not hungry.

You visited 4 branches of the dungeon, and saw 23 of its levels.
You also visited: Ossuary and Ice Cave.

You collected 2580 gold pieces.
You spent 664 gold pieces at shops.

Inventory:

Missiles
 y - a throwing net
 E - 39 tomahawks (quivered)
Armour
 c - a +3 scale mail of cold resistance
 r - a +2 cloak of invisibility
 v - a scarf of resistance (worn)
 D - the +3 scale mail of Nughaz {rElec}
   (You bought it in a shop on level 13 of the Dungeon)

   It insulates you from electricity.
 N - the +3 ring mail of the Invisible Stories (worn) {rCorr}
   (You bought it in a shop on level 13 of the Dungeon)

   It provides partial protection from all sources of acid and corrosion.
 P - a +0 pair of boots (worn)
Jewellery
 a - a +4 ring of dexterity (left claw)
 d - an uncursed ring of protection from cold
 l - an uncursed ring of stealth
 I - an amulet of guardian spirit (around neck)
 V - a ring of protection from fire (right claw)
Wands
 f - a wand of enslavement (5)
 j - a wand of flame (36)
 n - a wand of iceblast (26)
 x - a wand of polymorph (16)
 C - a wand of clouds (4)
 H - a wand of paralysis (21)
 K - a wand of digging (5)
 T - a wand of disintegration (44)
Scrolls
 e - 8 scrolls of teleportation
 k - a scroll of enchant armour
 o - 16 scrolls of remove curse
 u - a scroll of silence
 z - 3 scrolls of fog
Potions
 i - 9 potions of flight
 m - a potion of might
 s - 5 potions of resistance
 w - 4 potions of brilliance
Comestibles
 b - 41 rations
 g - 15 chunks of flesh


   Skills:
 + Level 12.7 Fighting
 + Level 9.4 Armour
 + Level 10.9 Dodging
 + Level 13.4 Stealth
 + Level 12.7 Unarmed Combat
 + Level 4.4 Spellcasting
 + Level 4.8 Charms
 + Level 5.3 Necromancy
 + Level 3.6 Invocations
 + Level 9.2 Evocations


You had 20 spell levels left.
You knew the following spells:

 Your Spells              Type           Power        Failure   Level  Hunger
a - Regeneration          Chrm/Necr      #.........   21%         3    ####...

Your spell library contained the following spells:

 Spells                   Type           Power        Failure   Level  Hunger
 Animate Skeleton         Necr           N/A          6%          1    ##.....
 Infusion                 Chrm           #...         8%          1    ##.....
 Song of Slaying          Chrm           #.......     12%         2    ###....
 Shroud of Golubria       Chrm/Tloc      #.........   30%         2    ###....
 Apportation              Tloc           #.....       50%         1    ##.....
 Confusing Touch          Hex            #.....       50%         1    ##.....
 Corona                   Hex            #......      50%         1    ##.....
 Magic Dart               Conj           #...         50%         1    ##.....
 Summon Small Mammal      Summ           #...         50%         1    ##.....
 Spectral Weapon          Hex/Chrm       #.......     52%         3    ####...
 Passwall                 Tmut/Erth      #.......     63%         2    ###....
 Searing Ray              Conj           #.....       63%         2    ###....
 Slow                     Hex            #.......     63%         2    ###....
 Conjure Flame            Conj/Fire      #.......     86%         3    ####...
 Dazzling Spray           Conj/Hex       #.....       86%         3    ####...
 Inner Flame              Hex/Fire       #.......     86%         3    ####...
 Portal Projectile        Hex/Tloc       #.....       86%         3    ####...
 Cause Fear               Hex            #.........   99%         4    #####..
 Force Lance              Conj/Tloc      #.......     99%         4    #####..
 Fulminant Prism          Conj/Hex       #.........   99%         4    #####..
 Iskenderun's Mystic Bla  Conj           #.......     99%         4    #####..
 Leda's Liquefaction      Hex/Erth       #.........   99%         4    #####..
 Petrify                  Tmut/Erth      #.......     99%         4    #####..
 Borgnjor's Vile Clutch   Necr/Erth      #.........   99%         5    ######.
 Irradiate                Conj/Tmut      #.........   100%        5    ######.
 Hydra Form               Tmut           Unusable     N/A         6    N/A
 Statue Form              Tmut/Erth      Unusable     N/A         6    N/A
 Dragon Form              Tmut           Unusable     N/A         7    N/A

Dungeon Overview and Level Annotations

Branches:
Dungeon (14/15)            Temple (1/1) D:7            Lair (6/6) D:11
  Swamp (0/4) Lair:3       Spider (0/4) Lair:2        Slime (0/5) Lair:5
    Orc (2/2) D:11            Elf (0/3) Orc:2        Vaults (0/5) D:13

Altars:
Ashenzari
Cheibriados
Dithmenos
Elyvilon
Fedhas
Gozag
Hepliaklqana
Kikubaaqudgha
Makhleb
Nemelex Xobeh
Okawaru
Qazlal
Ru
Sif Muna
Trog
Uskayaw
Vehumet
Wu Jian
Xom
Yredelemnul
Zin
The Shining One
Beogh
Jiyva

Shops:
D:13 (?[   Orc:1 }


Innate Abilities, Weirdness & Mutations

Your body is rotting away.
You thrive on raw meat.
You are immune to poison.
You have sharp fingernails.
You are carnivorous and can eat meat at any time.
Your flesh is cold resistant. (rC+)
You are immune to negative energy. (rN+++)
You do not regenerate when monsters are visible.
You are immune to unholy pain and torment.
You can survive without breathing.


Message History

The two-headed ogre hits you with a +0 giant spiked club!!
* * * LOW HITPOINT WARNING * * *
The two-headed ogre closely misses you.
Eat one of 16 chunks of flesh? (ye/n/q)
You eat one of the 16 chunks of flesh.
This raw flesh tastes great!
The ogre mage completely misses you.
The two-headed ogre completely misses you.
The two-headed ogre closely misses you. The ogre mage closely misses you.
You scratch the ogre mage but do no damage.
You claw the ogre mage!
The ogre mage is almost dead.
The two-headed ogre hits you with a +0 giant spiked club!
* * * LOW HITPOINT WARNING * * *
The two-headed ogre closely misses you. The ogre mage completely misses you.
The ogre mage points at you and mumbles some strange words.
The bolt of lightning misses you.
The two-headed ogre hits you with a +0 giant spiked club!!
* * * LOW HITPOINT WARNING * * *
The two-headed ogre hits you with a +0 giant club.
You die...

..........## ## ##
..........# ##.# ..#
#.......## ####...
...####.....#.## ##.##...
#...#.#........### ... #..
#............##.## #.###.#
#.........#...# ##.##... .
#.........#...####....#..
..##.....O@.)))...###......
#.....)...O[.))#..)..#......
#............##)..).).).....
#..........[[###..##.#......
#.............#########.)...
O...............# #####.....
O...........>....###.##......
O#........#...#.###..........
........#...### ##.........


You could see a two-headed ogre and an ogre mage.

Vanquished Creatures
  Rupert (D:12)
  Gastronok (D:11)
  A frost giant (IceCv)
  4 dire elephants (Lair:6)
  Snorg (Lair:5)
  An ettin (Orc:1)
  5 slime creatures
  Josephine (Lair:5)
  A rakshasa (D:13)
  Fannar (Lair:1)
  5 hydras
  An anaconda (Lair:6)
  2 centaur warriors
  2 ogre magi (Orc:2)
  18 two-headed ogres
  A tengu warrior (D:13)
  Urug (D:13)
  15 death yaks
  3 unseen horrors
  2 ugly things
  2 statues (D:13)
  2 manticores (D:13)
  3 black mambas
  7 elephants
  An ice statue (IceCv)
  A gargoyle (D:13)
  A centaur skeleton (D:13)
  Joseph (D:7)
  7 spiny frogs
  6 komodo dragons
  A rime drake (Lair:4)
  A hornet (D:12)
  21 polar bears
  Prince Ribbit (D:5)
  3 trolls
  5 dream sheep (Lair:6)
  12 hippogriffs
  12 blink frogs
  Sigmund (D:4)
  A water elemental (D:11)
  A wyvern (Lair:6)
  4 hogs (D:8)
  49 yaks
  9 wraiths
  2 basilisks
  3 fire bats (D:4)
  Eustachio (D:4)
  2 hungry ghosts
  17 humans
  5 wargs
  20 water moccasins
  5 porcupines
  12 orc warriors
  2 phantoms
  A sky beast (D:12)
  3 ice beasts
  4 black bears
  A necrophage (D:9)
  30 wolves
  25 ogres
  13 centaurs
  2 big kobolds
  13 crocodiles
  Blork the orc (D:6)
  14 bullfrogs
  5 water moccasin zombies (Ossuary)
  A wyvern skeleton (D:13)
  6 scorpions
  10 killer bees
  4 howler monkeys
  12 wights
  2 electric eels (D:11)
  9 crimson imps
  2 hounds
  Crazy Yiuf (D:5)
  4 bullfrog skeletons
  18 orc priests
  A gnoll shaman (D:6)
  4 jellies
  18 orc wizards
  Jessica (D:2)
  4 iguanas
  11 worker ants
  Terence (D:2)
  4 big kobold zombies (Ossuary)
  2 mummies (Ossuary)
  7 gnolls
  15 adders
  4 shadow imps
  An ooze (D:4)
  4 adder zombies
  A worm (D:4)
  4 dart slugs
  8 leopard geckos
  88 orcs
  3 ball pythons
  13 giant cockroaches
  3 gnoll zombies (Ossuary)
  8 goblins
  8 hobgoblins
  8 jackals
  11 kobolds
  4 quokkas
  6 bats
  5 frilled lizards
  2 hobgoblin zombies (Ossuary)
  4 kobold zombies (Ossuary)
  6 orc zombies (Ossuary)
  A quokka zombie (D:5)
  5 rats
  2 bushes (D:13)
  4 plants (Lair:6)
740 creatures vanquished.

Vanquished Creatures (others)
  3 polar bears (IceCv)
  A yak (IceCv)
  An orc warrior (Orc:1)
  12 fungi
  11 plants
28 creatures vanquished.

Grand Total: 768 creatures vanquished

Notes
Turn   | Place    | Note
-------+----------+-------------------------------------------
     0 | D:1      | Borgoz the Ghoul Monk began the quest for the Orb.
     0 | D:1      | Reached XP level 1. HP: 19/19 MP: 0/0
   199 | D:2      | Reached XP level 2. HP: 26/26 MP: 1/1
   265 | D:2      | Noticed Jessica
   291 | D:2      | Killed Jessica
   291 | D:2      | Reached XP level 3. HP: 22/33 MP: 2/2
   359 | D:2      | Noticed Terence
   384 | D:2      | Killed Terence
   384 | D:2      | Reached skill level 3 in Stealth
   384 | D:2      | Reached XP level 4. HP: 19/39 MP: 3/3
  1086 | D:1      | Reached XP level 5. HP: 40/46 MP: 4/4
  1411 | D:3      | Found a hide-covered altar of Uskayaw.
  1528 | D:3      | Found a faded altar of an unknown god.
  2018 | D:5      | Entered Level 5 of the Dungeon
  2116 | D:4      | Noticed an ogre
  2184 | D:4      | Noticed Eustachio
  2186 | D:4      | Noticed an ogre
  2332 | D:5      | Noticed an ogre
  2333 | D:5      | Noticed Prince Ribbit
  2360 | D:4      | Reached XP level 6. HP: 46/53 MP: 5/5
  2422 | D:4      | Noticed Sigmund
  2429 | D:4      | Reached skill level 4 in Stealth
  2457 | D:4      | Found a transporter.
  2497 | D:4      | Found a transporter.
  2499 | D:4      | Noticed a fire bat
  2499 | D:4      | Noticed a fire bat
  2499 | D:4      | Noticed a fire bat
  2568 | D:4      | Killed Sigmund
  2568 | D:4      | Reached skill level 5 in Fighting
  2568 | D:4      | Reached skill level 5 in Unarmed Combat
  2568 | D:4      | Reached XP level 7. HP: 16/61 MP: 6/6
  2692 | D:4      | Identified the Catalogue of the Dusty Arsonist
  2751 | D:4      | Killed Eustachio
  2751 | D:4      | Reached skill level 5 in Stealth
  2877 | D:4      | Reached XP level 8. HP: 24/70 MP: 7/7
  3120 | D:5      | Found a basalt altar of Yredelemnul.
  3149 | D:5      | Reached skill level 5 in Dodging
  3213 | D:4      | Found a hazy altar of Hepliaklqana.
  3270 | D:5      | Killed Prince Ribbit
  3270 | D:5      | Reached skill level 6 in Stealth
  3423 | D:5      | Found a runed translucent door.
  3527 | D:5      | Found a runed translucent door.
  3528 | D:5      | Noticed Crazy Yiuf
  3536 | D:5      | Killed Crazy Yiuf
  3789 | D:5      | Found a shadowy altar of Dithmenos.
  4117 | D:6      | Found a sparkling altar of Nemelex Xobeh.
  4183 | D:6      | Reached skill level 1 in Evocations
  4362 | D:6      | Reached skill level 1 in Armour
  4368 | D:6      | Found a sand-covered staircase.
  4375 | Ossuary  | Entered an ossuary
  4414 | Ossuary  | Reached XP level 9. HP: 74/78 MP: 7/9
  4531 | Ossuary  | Reached skill level 7 in Stealth
  4642 | D:6      | Noticed Blork the orc
  4651 | D:6      | Killed Blork the orc
  5340 | D:7      | Found a glowing silver altar of Zin.
  5340 | D:7      | Found a white marble altar of Elyvilon.
  5340 | D:7      | Found a glowing golden altar of the Shining One.
  5472 | D:7      | Found a radiant altar of Vehumet.
  5681 | D:7      | Noticed Joseph
  5696 | D:7      | Killed Joseph
  5696 | D:7      | Reached XP level 10. HP: 47/88 MP: 11/11
  5883 | D:7      | Found a staircase to the Ecumenical Temple.
  5889 | D:7      | Reached skill level 8 in Stealth
  5915 | Temple   | Entered the Ecumenical Temple
  5930 | Temple   | Became a worshipper of Warmaster Okawaru
  5930 | Temple   | Reached * piety under Okawaru
  5930 | Temple   | Reached ** piety under Okawaru
  6086 | D:7      | Found an iron altar of Okawaru.
  6346 | D:8      | Noticed a two-headed ogre
  6857 | D:5      | Found a roughly hewn altar of Beogh.
  6981 | D:8      | Killed a two-headed ogre
  6981 | D:8      | Reached *** piety under Okawaru
  7034 | D:8      | Noticed a two-headed ogre
  7053 | D:8      | Killed a two-headed ogre
  7102 | D:8      | Got a bound lapis lazuli ring
  7104 | D:8      | Identified the ring of Ohodapre {rF+ rN+ AC+5 Str-5} (You
                  | found it on level 8 of the Dungeon)
  7178 | D:8      | Reached **** piety under Okawaru
  7178 | D:8      | Reached skill level 9 in Stealth
  7329 | D:8      | Reached XP level 11. HP: 95/95 MP: 13/13
  7761 | D:9      | Found a burning altar of Makhleb.
  7761 | D:9      | Found a sacrificial altar of Ru.
  7792 | D:9      | Found a shimmering altar of Xom.
  7812 | D:9      | Found an ornate altar of the Wu Jian Council.
  7984 | D:10     | Entered Level 10 of the Dungeon
  8030 | D:10     | Got a blackened scimitar
  8091 | D:10     | Reached ***** piety under Okawaru
  8091 | D:10     | Reached skill level 5 in Evocations
  8108 | D:10     | Reached skill level 5 in Armour
  8112 | D:10     | HP: 4/97 [iguana (6)]
  8360 | D:10     | Noticed a two-headed ogre
  8379 | D:10     | Killed a two-headed ogre
  8575 | D:11     | Noticed a two-headed ogre
  8585 | D:11     | Killed a two-headed ogre
  8794 | D:10     | Noticed a white ugly thing
  8808 | D:10     | Killed a white ugly thing
  8926 | D:11     | Killed an unseen horror
  8926 | D:11     | Reached skill level 10 in Stealth
  9002 | D:11     | Found a staircase to the Orcish Mines.
  9003 | D:11     | Found a staircase to the Lair.
  9642 | D:11     | Noticed a green ugly thing
  9782 | D:11     | Killed a green ugly thing
  9782 | D:11     | Received a gift from Okawaru
  9785 | D:11     | Got an ichor-stained robe {god gift}
  9849 | D:11     | Noticed a centaur warrior
  9862 | D:11     | Killed a centaur warrior
  9862 | D:11     | Reached XP level 12. HP: 56/106 MP: 15/15
 10168 | D:11     | Noticed Gastronok
 10197 | D:11     | Killed Gastronok
 10197 | D:11     | Reached skill level 10 in Fighting
 10372 | D:11     | Identified the +1 robe of the Moon Troll {rC- rN+ Dex+4}
                  | (Okawaru gifted it to you on level 11 of the Dungeon)
 10514 | D:12     | Reached skill level 10 in Unarmed Combat
 10704 | D:12     | You fall through a shaft for 2 floors!
 10709 | D:13     | Found a gate to the Vaults.
 10709 | D:13     | Noticed a centaur warrior
 10709 | D:13     | Noticed Rupert
 10709 | D:13     | Noticed a rakshasa
 10709 | D:13     | Noticed Urug
 10753 | D:13     | Found Foguepenna's Antique Weapon Shop.
 10944 | D:13     | Identified a scroll of acquirement
 10945 | D:13     | Got a pitted granite ring
 11007 | D:13     | Reached ****** piety under Okawaru
 11026 | D:13     | Found Geylouq's Antique Armour Shoppe.
 11030 | D:13     | Found Zolewec's Magic Scroll Emporium.
 11031 | D:13     | Noticed a tengu warrior
 11041 | D:13     | Paralysed by Rupert for 3 turns
 11057 | D:13     | HP: 5/106 [Rupert/+4 battleaxe of electrocution (29)]
 11086 | D:12     | Killed Rupert
 11129 | D:13     | Reached skill level 11 in Stealth
 11452 | D:13     | Reached XP level 13. HP: 88/114 MP: 17/17
 11505 | D:13     | Killed a rakshasa
 11565 | D:13     | Killed Urug
 11565 | D:13     | Received a gift from Okawaru
 11599 | D:13     | Bought a smelly scale mail for 243 gold pieces
 11599 | D:13     | Bought a warped ring mail for 243 gold pieces
 11601 | D:13     | Bought a scroll of teleportation for 51 gold pieces
 11601 | D:13     | Bought a scroll of identify for 34 gold pieces
 11601 | D:13     | Bought a scroll of identify for 34 gold pieces
 11601 | D:13     | Bought a scroll of fear for 59 gold pieces
 13169 | D:13     | Got a twisted hand crossbow
 13329 | D:12     | Learned a level 3 spell: Regeneration
 13861 | Lair:1   | Entered Level 1 of the Lair of Beasts
 14093 | Lair:1   | Noticed Fannar
 14124 | Lair:1   | Killed Fannar
 14297 | Lair:1   | Received a gift from Okawaru
 14297 | Lair:1   | Reached skill level 12 in Stealth
 14300 | Lair:1   | Got an ancient buckler {god gift}
 14365 | Lair:1   | Lost intelligence.
 14365 | Lair:1   | Identified the ring "Ifinor" {rC+++ rN+ MP+9 Str+2 Int-5}
                  | (You acquired it on level 13 of the Dungeon)
 14371 | Lair:1   | Identified the +4 scimitar of the Six Ghosts {venom, -Tele
                  | rC+ Str+4 Int+4 Dex+3} (You found it on level 10 of the
                  | Dungeon)
 14373 | Lair:1   | Identified the +7 hand crossbow of Strategic Superiority
                  | {freeze, MR++ Str+5 Dex-2} (You found it on level 13 of the
                  | Dungeon)
 14388 | Lair:1   | Identified the +0 buckler of Least Resistance {rN+ MR-
                  | Regen+ Dex+3} (Okawaru gifted it to you on level 1 of the
                  | Lair of Beasts)
 14398 | Lair:1   | Identified the +3 scale mail of Nughaz {rElec} (You bought
                  | it in a shop on level 13 of the Dungeon)
 14408 | Lair:1   | Identified the +3 ring mail of the Invisible Stories
                  | {rCorr} (You bought it in a shop on level 13 of the
                  | Dungeon)
 15086 | Lair:1   | Reached skill level 1 in Necromancy
 15392 | Lair:2   | Found a hole to the Spider Nest.
 15461 | Lair:2   | Reached skill level 1 in Charms
 15483 | Lair:2   | Reached skill level 1 in Spellcasting
 15609 | Lair:2   | Reached XP level 14. HP: 106/124 MP: 14/18
 16271 | Lair:3   | Reached skill level 10 in Dodging
 16597 | Lair:3   | Found a staircase to the Swamp.
 17351 | Lair:4   | Found a frozen archway.
 17423 | IceCv    | Entered an ice cave
 17579 | IceCv    | Got a fine whip
 18013 | IceCv    | Noticed a frost giant
 18044 | IceCv    | Received a gift from Okawaru
 18055 | IceCv    | Killed a frost giant
 19047 | Lair:6   | Entered Level 6 of the Lair of Beasts
 19124 | Lair:5   | Noticed Snorg
 19137 | Lair:5   | Killed Snorg
 19164 | Lair:5   | Noticed Josephine
 19174 | Lair:5   | Killed Josephine
 19206 | Lair:5   | Reached XP level 15. HP: 53/132 MP: 4/20
 19655 | Lair:5   | Found a viscous altar of Jiyva.
 19656 | Lair:5   | Found a staircase to the Slime Pits.
 20097 | Lair:6   | Found an ornate altar of the Wu Jian Council.
 20422 | Lair:6   | Reached skill level 1 in Invocations
 20506 | Lair:6   | Reached skill level 13 in Stealth
 21083 | Lair:6   | Received a gift from Okawaru
 22234 | Lair:6   | Identified the +5 whip of Recklessness {venom, *Corrode rC+
                  | rN+ SInv} (You found it in an ice cave)
 22616 | Orc:1    | Entered Level 1 of the Orcish Mines
 22690 | Orc:1    | Found Ublitsol's Gadget Shop.
 22851 | Orc:2    | Entered Level 2 of the Orcish Mines
 23826 | Orc:2    | Found a staircase to the Elven Halls.
 23917 | Orc:2    | Reached skill level 5 in Necromancy
 23920 | Orc:2    | Received a gift from Okawaru
 24180 | Orc:2    | Reached XP level 16. HP: 69/140 MP: 11/21
 24306 | Orc:2    | HP: 1/141 [two-headed ogre/+0 giant spiked club (18)]
 24306 | Orc:2    | Slain by a two-headed ogre

Skill      XL: |  1  2  3  4  5  6  7  8  9 10 11 12 13 14 15 |
---------------+----------------------------------------------+-----
Dodging        | 3 4 5 6 7 8 9 10 | 10.9
Stealth        | 3 4 5 6 7 9 10 11 12 13 | 13.4
Fighting       | 4 5 6 7 8 9 10 11 12 | 12.7
Unarmed Combat | 4 5 6 7 8 9 10 11 12 | 12.7
Evocations     | 1 3 4 5 7 8 9 |  9.2
Armour         | 1 3 4 5 6 8 9 |  9.4
Necromancy     | 1 3 5 |  5.3
Charms         | 1 3 4 |  4.8
Spellcasting   | 1 3 4 |  4.4
Invocations    | 3 |  3.6

Action                   |  1- 3 |  4- 6 |  7- 9 | 10-12 | 13-15 | 16-18 || total
-------------------------+-------+-------+-------+-------+-------+-------++-------
Melee: Unarmed           |    64 |   243 |   402 |   881 |  1888 |    52 ||  3530
       Punch             |       |     1 |    21 |    49 |   139 |     4 ||   214
Invok: Heroism           |       |       |       |     1 |    40 |     2 ||    43
       Finesse           |       |       |       |       |     4 |       ||     4
 Abil: Evoke Invisibilit |       |       |       |       |     5 |       ||     5
Evoke: Wand              |       |       |       |    15 |    24 |       ||    39
  Use: Scroll            |       |    10 |     4 |    13 |    13 |       ||    40
       Potion            |       |     2 |     2 |    14 |     9 |       ||    27
 Stab: Sleeping          |     1 |       |    16 |    24 |    32 |       ||    73
       Paralysed         |       |       |       |    10 |    10 |       ||    20
       Distracted        |       |       |       |     1 |     2 |       ||     3
       Confused          |       |       |       |     2 |       |       ||     2
       Invisible         |       |       |       |       |    26 |       ||    26
  Eat: Chunk             |     7 |     9 |    40 |   100 |   234 |    11 ||   401
Armor: Robe              |    10 |       |       |       |       |       ||    10
       Scale mail        |       |   135 |   125 |   309 |   276 |       ||   845
       Ring mail         |       |       |       |       |   273 |    11 ||   284
Dodge: Dodged            |    40 |   162 |   226 |   546 |  1834 |    74 ||  2882
